 Dungeon Crawl Stone Soup version 0.26.1-2-gb8aa6d0cf2 (webtiles) character file.

Game seed: 14472707542869111182

217 Erina the Chopper (level 5, 0/47 HPs)
             Began as a Minotaur Berserker on Mar 11, 2021.
             Was a Believer of Trog.
             Slain by a sky beast (5 damage)
             ... on level 5 of the Dungeon.
             The game lasted 00:05:22 (2994 turns).

Erina the Chopper (Minotaur Berserker)              Turns: 2994, Time: 00:05:22

Health: 0/47       AC:  5    Str: 21    XL:     5   Next: 61%
Magic:  4/4        EV: 11    Int:  5    God:    Trog [**....]
Gold:   176        SH:  0    Dex: 10    Spells: 4/4 levels left

rFire    . . .     SeeInvis .   a - +0 hand axe
rCold    . . .     Faith    .   (no shield)
rNeg     . . .     Spirit   .   b - +0 ring mail
rPois    .         Reflect  .   (helmet restricted)
rElec    .         Harm     .   (no cloak)
rCorr    .         Rampage  .   (no gloves)
Will     .....                  (no boots)
Stlth    ..........             (no amulet)
HPRegen  0.15/turn              (no ring)
MPRegen  0.09/turn              (no ring)

@: no status effects
A: retaliatory headbutt, horns 2
a: Renounce Religion, Berserk, Trog's Hand


You were on level 5 of the Dungeon.
You worshipped Trog.
Trog was pleased with you.
You visited 1 branch of the dungeon, and saw 4 of its levels.

You collected 176 gold pieces.

Inventory:

Hand Weapons
 a - a +0 hand axe (weapon)
 h - a +0 vorpal hand axe
Armour
 b - a +0 ring mail (worn)
Jewellery
 e - an uncursed ring of see invisible {unknown}
Scrolls
 d - a scroll of identify
 k - a scroll of enchant armour {unknown}
Potions
 c - a potion of degeneration {unknown}
 f - a potion of brilliance {unknown}
 g - 3 potions of attraction {unknown}
 i - a potion of cancellation {unknown}
 j - a potion of curing {unknown}


   Skills:
 + Level 4.8 Fighting
 * Level 7.0 Axes
 - Level 2.4 Armour
 - Level 2.1 Dodging


You had 4 spell levels left.
You didn't know any spells.
Your spell library was empty.

Dungeon Overview and Level Annotations

Branches:
Dungeon (3/15)             Temple (0/1) D:5

Altars:
Cheibriados
Gozag
Hepliaklqana
Ru
Vehumet


Innate Abilities, Weirdness & Mutations

You reflexively headbutt those who attack you in melee.
You have a pair of horns on your head.


Message History

Something hits you but does no damage.
You hit something. Your headbutt misses something. Something hits you.
Something shocks you.
* * * LOW HITPOINT WARNING * * *
You hit something. Your headbutt misses something.
Something hits you but does no damage.
You hit something. Something hits you but does no damage.
You barely miss something. You headbutt something. Something hits you.
* * * LOW HITPOINT WARNING * * *
Something shocks you.
* * * LOW HITPOINT WARNING * * *
You closely miss something. Something hits you but does no damage.
You hit something but do no damage. You headbutt something.
Something hits you but does no damage.
You slash something! You headbutt something.
Something hits you but does no damage.
You closely miss something. Something hits you.
* * * LOW HITPOINT WARNING * * *
Something shocks you.
You die...

#### #... ###########
#... #.........#
####...####.#######.#
#.(..=.{..#.# #.####
.......@..#.#######.##..
#.......................
##.#(..#.#[#####.##.##..
#.....#.#.# # #.####
#.#...#.### #.# # #
####### ..# ### # ###


There were no monsters in sight!

Vanquished Creatures
  An ogre (D:5)
  A jelly (D:5)
  A hound (D:5)
  2 adders
  A white imp (D:5)
  A worm (D:3)
  A dart slug (D:1)
  A leopard gecko (D:1)
  A ball python (D:3)
  A giant cockroach (D:3)
  2 goblins
  7 hobgoblins
  10 jackals
  4 kobolds
  A quokka (D:5)
  3 bats
  A frilled lizard (D:1)
  A giant cockroach zombie (D:5)
  9 rats
49 creatures vanquished.

Notes
Turn   | Place    | Note
-------+----------+-------------------------------------------
     0 | D:1      | Erina the Minotaur Berserker began the quest for the Orb.
     0 | D:1      | Reached XP level 1. HP: 19/19 MP: 0/0
   323 | D:1      | Reached skill level 4 in Axes
   325 | D:1      | Reached XP level 2. HP: 9/27 MP: 1/1
  1330 | D:2      | Reached ** piety under Trog
  1331 | D:2      | Reached XP level 3. HP: 28/33 MP: 2/2
  1696 | D:2      | Found a radiant altar of Vehumet.
  1706 | D:2      | Reached skill level 5 in Axes
  2169 | D:2      | Found a sacrificial altar of Ru.
  2169 | D:2      | Found a snail-covered altar of Cheibriados.
  2170 | D:2      | Found an opulent altar of Gozag.
  2836 | D:3      | You fall into a shaft and drop 2 floors!
  2836 | D:5      | Entered Level 5 of the Dungeon
  2885 | D:5      | Noticed an ogre
  2891 | D:5      | Killed an ogre
  2892 | D:5      | Reached skill level 6 in Axes
  2892 | D:5      | Reached XP level 4. HP: 30/41 MP: 3/3
  2892 | D:5      | Reached XP level 5. HP: 34/47 MP: 4/4
  2905 | D:5      | Found a staircase to the Ecumenical Temple.
  2917 | D:5      | Found a hazy altar of Hepliaklqana.
  2957 | D:5      | Reached skill level 7 in Axes
  2983 | D:5      | Noticed a sky beast
  2994 | D:5      | Slain by a sky beast

Illustrated notes

Levels and vault maps discovered:
D:1:      onia_arrival_handbag, layout_basic, serial_curves, eino_curves_02,
          eino_curves_03, minmay_cut_off
D:2:      layout_basic, vehumet_crystals, gammafunk_temple_overflow_claw,
          kennysheep_nub
D:3:      layout_basic, chequers_ecumenical_altar_simple
D:5:      layout_loops_corners, makhleb_grotto_becter, lemuel_crystal_altar,
          minmay_temple_entry_purple_smoke, chequers_ossuary_entry_cave,
          serial_shops, shop, grunt_ministairs_5

Skill      XL: |  1  2  3  4  5 |
---------------+----------------+-----
Axes           | 4 6 7 |  7.0
Fighting       | 4 |  4.8
Armour         | |  2.4
Dodging        | |  2.1

Action                   |  1- 3 |  4- 6 || total
-------------------------+-------+-------++-------
Melee: Hand axe          |   101 |    19 ||   120
       Headbutt          |    11 |     3 ||    14
Invok: Berserk           |     1 |       ||     1
  Use: Scroll            |     2 |       ||     2
Armor: Animal skin       |     1 |       ||     1
       Ring mail         |    21 |    10 ||    31
       Leather armour    |     1 |       ||     1
Dodge: Dodged            |    78 |     6 ||    84
